 Dungeon Crawl Stone Soup version 0.31.0-32-g396128a36d (webtiles) character file.

Game seed: 15015759076148817664

14197 Zworg the Basher (level 11, -5/99 HPs)
             Began as a Minotaur Fighter on Mar 23, 2024.
             Was a Priest of the Shining One.
             Slain by a komodo dragon (18 damage)
             ... on level 2 of the Lair of Beasts on Mar 24, 2024.
             The game lasted 00:42:30 (8891 turns).

Zworg the Basher (Minotaur Fighter)                 Turns: 8891, Time: 00:42:30

Health: -5/99      AC: 25    Str: 25    XL:     11   Next: 85%
Magic:  10/10      EV:  7    Int:  5    God:    the Shining One [***...]
Gold:   698        SH: 11    Dex: 16    Spells: 10/10 levels left

rFire   x x .        p - +3 mace (venom)
rCold   . . .        Q - +0 kite shield
rNeg    + . .        o - +0 gold dragon scales
rPois   +            (helmet restricted)
rElec   .            (no cloak)
rCorr   .            (no gloves)
SInv    .            (no boots)
Will    .....        N - amulet of Elemental Vulnerability {rPois rF-- rC-- AC+8} Stlth
                     J - ring of ice
HPRegen 0.36/turn    K - +6 ring of dexterity
MPRegen 0.12/turn

%: no passive effects
@: mesmerised, hasted, glowing, very quick
A: horns 2, retaliatory headbutt
a: Renounce Religion, Divine Shield, Cleansing Flame


You were on level 2 of the Lair of Beasts.
You worshipped the Shining One.
The Shining One was most pleased with you.
You visited 3 branches of the dungeon, and saw 12 of its levels.
You also visited: Sewer.

You collected 698 gold pieces.

Inventory:

Hand Weapons
 a - a +0 dagger of draining
 e - a +0 sling
 p - a +3 mace of venom (weapon)
 y - a +2 dagger of holy wrath
 O - a +3 short sword
 P - a +0 flail of protection
 R - a +5 dire flail
 S - a +4 short sword
 X - a +1 short sword of flaming
Missiles
 j - 134 stones (quivered)
 q - 42 poisoned darts
 t - a curare-tipped dart
 A - a throwing net
Armour
 c - a +0 buckler
 o - +0 gold dragon scales (worn)
 r - a +0 troll leather armour {Pargi}
 D - an orb of wrath
 Q - a +0 kite shield (worn)
 U - a +0 plate armour of cold resistance
Jewellery
 b - an amulet of faith
 J - a ring of ice (left hand)
 K - a +6 ring of dexterity (right hand)
 N - the amulet of Elemental Vulnerability (around neck) {rPois rF-- rC-- AC+8}
   (You found it on level 6 of the Dungeon)

   [amulet of nothing]

   AC+8:      It affects your AC (+8).
   rF--:      It makes you very vulnerable to fire.
   rC--:      It makes you very vulnerable to cold.
   rPois:     It protects you from poison
 T - a ring of fire
Wands
 x - a wand of polymorph (14)
 M - a wand of flame (15)
 V - a wand of quicksilver (8)
Scrolls
 g - a scroll of acquirement {unknown}
 h - 6 scrolls of vulnerability {unknown}
 k - 4 scrolls of identify {unknown}
 m - 4 scrolls of teleportation {unknown}
 n - a scroll of blinking {unknown}
 s - 6 scrolls of noise {unknown}
 w - 2 scrolls of revelation {unknown}
 B - a scroll of fog {unknown}
 C - 2 scrolls of amnesia {unknown}
 H - 2 scrolls of enchant weapon {unknown}
 I - 2 scrolls of enchant armour {unknown}
 L - a scroll of immolation {unknown}
 W - a scroll of brand weapon {unknown}
 Y - a scroll of silence {unknown}
 Z - a scroll of butterflies {unknown}
Potions
 d - a potion of might
 f - 3 potions of curing
 i - a potion of haste
 l - 2 potions of lignification {unknown}
 u - 2 potions of heal wounds {unknown}
 v - a potion of cancellation {unknown}
 z - 2 potions of magic {unknown}
 E - 2 potions of mutation {unknown}
 F - a potion of invisibility {unknown}
 G - a potion of berserk rage {unknown}


   Skills:
 * Level 10.1 Fighting
 * Level 14.6(14.7) Maces & Flails
 - Level 3.0(10.0) Staves
 + Level 0.2 Throwing
 + Level 9.4 Armour
 * Level 8.0 Dodging
 + Level 9.0 Shields
 + Level 1.2 Evocations


You had 10 spell levels left.
You didn't know any spells.
Your spell library contained the following spells:

 Spells                   Type           Power      Damage    Failure   Level
 Apportation              Tloc           0%         N/A       100%        1
 Jinxbite                 Hex            0%         N/A       100%        2
 Ozocubu's Armour         Ice            0%         N/A       100%        3
 Tukima's Dance           Hex            0%         N/A       100%        3
 Dimensional Bullseye     Hex/Tloc       0%         N/A       100%        4
 Iskenderun's Mystic Bla  Conj/Tloc      0%         2d3       100%        4
 Passage of Golubria      Tloc           0%         N/A       100%        4
 Alistair's Intoxication  Alch           0%         N/A       100%        5
 Metabolic Englaciation   Hex/Ice        0%         N/A       100%        5
 Yara's Violent Unravell  Hex/Alch       0%         3d3       100%        5
 Sculpt Simulacrum        Ice/Alch       0%         N/A       100%        6


Dungeon Overview and Level Annotations

Branches:
Dungeon (9/15)             Temple (1/1) D:5            Lair (2/5) D:9
  Sewer (visited)
  Swamp: Lair:2-3    Shoals: Lair:2-3     Snake: Lair:2-3    Spider: Lair:2-3
    Orc: D:9-12

Altars:
Ashenzari
Cheibriados
Dithmenos
Elyvilon
Fedhas
Gozag
Hepliaklqana
Kikubaaqudgha
Makhleb
Okawaru
Qazlal
Ru
Sif Muna
Trog
Uskayaw
Vehumet
Wu Jian
Xom
Yredelemnul
Zin
The Shining One

Annotations:
Lair:2 Maggie


Innate Abilities, Weirdness & Mutations

You have a pair of horns on your head.
You reflexively headbutt those who attack you in melee.


Message History

Unknown command.
You feel better.
Maggie the Vainglorious comes into view.
She is wielding a +2 war axe of draining.
The komodo dragon barely misses you. You furiously retaliate!
You headbutt the komodo dragon!
You kill the komodo dragon!
You hit the komodo dragon.
The komodo dragon is poisoned.
The komodo dragon is lightly wounded.
An elephant comes into view.
The komodo dragon barely misses you.
You see here a yak corpse.
You block the komodo dragon's attack.
Maggie casts a spell.
Maggie attempts to bespell you!
You are mesmerised by Maggie!
The komodo dragon attacks as it pursues you!
The komodo dragon bites you but does no damage.
You cannot move away from Maggie!
You cannot move away from Maggie!
An elephant comes into view.
You cannot move away from Maggie!
You cannot move away from Maggie!
You are too injured to fight recklessly!
You hit the komodo dragon but do no damage.
The komodo dragon looks even sicker.
You headbutt the komodo dragon, but do no damage.
The komodo dragon is moderately wounded.
The komodo dragon bites you!
* * * LOW HITPOINT WARNING * * *
You cannot move away from Maggie!
It was a potion of haste.
You feel yourself speed up.
The komodo dragon bites you but does no damage.
The komodo dragon bites you! The Shining One protects you from harm!
You hit the komodo dragon.
The komodo dragon looks as sick as possible!
You headbutt the komodo dragon!
The komodo dragon is severely wounded.
The komodo dragon bites you!!
You die...

...# #..
##.........#
...P#
#..##.......#P##
...##
#...........###
.[.#
##.Y.......##
....#
#..†......##
...## ##...Y...##
...#
##...†.@..###
...#
#....†.Pl.#.#
#.......l@.###
.........##....#
#....P###.##....#
.....# ######...#
....# #....# ....
#.#.... ..
##....<# ##.....
##...


You could see 2 elephants, Maggie (mesmerising) and 2 komodo dragons.

Vanquished Creatures
  2 two-headed ogres (D:9)
  A cyclops (D:8)
  2 black mambas (Lair:1)
  A torpor snail (Lair:1)
  3 cane toads
  2 komodo dragons (Lair:2)
  A hornet (D:7)
  A shadow (D:9)
  24 yaks
  3 wyverns
  The ghost of riffraff the Insei, an amateur GnSh (D:3)
  3 steam dragons
  An acid dragon (D:8)
  7 water moccasins
  Pargi (Sewer)
  5 ice beasts
  A black bear (Lair:1)
  2 orc warriors
  3 wolves (Lair:2)
  2 ogres (D:7)
  6 centaurs
  4 phantoms
  3 kobold brigands
  A brain worm (Sewer)
  9 bullfrogs
  2 gnoll sergeants
  4 scorpions
  4 wights
  8 killer bees
  2 hounds
  A jelly (D:8)
  3 orc priests
  2 iguanas
  A sleepcap (D:5)
  8 orc wizards
  6 hell rats (Lair:1)
  16 gnolls
  15 adders
  A river rat (D:3)
  A shadow imp (D:6)
  3 white imps
  4 ufetubi (D:7)
  4 dart slugs
  A ribbon worm (D:2)
  19 orcs
  5 bats
  2 endoplasms
  8 giant cockroaches
  6 goblins
  13 hobgoblins
  4 jackals (D:3)
  17 kobolds
  3 quokkas
  5 ball pythons
  5 frilled lizards
  A rat (D:1)
263 creatures vanquished.

Vanquished Creatures (others)
  A kobold (D:9)
1 creature vanquished.

Grand Total: 264 creatures vanquished

Notes
Turn   | Place    | Note
-------+----------+-------------------------------------------
     0 | D:1      | Zworg the Minotaur Fighter began the quest for the Orb.
     0 | D:1      | Reached XP level 1. HP: 19/19 MP: 0/0
    84 | D:1      | Found a faded altar of an unknown god.
   132 | D:1      | Reached XP level 2. HP: 26/27 MP: 1/1
   339 | D:1      | Reached XP level 3. HP: 33/33 MP: 2/2
  1124 | D:2      | Reached skill level 3 in Maces & Flails
  1124 | D:2      | Reached XP level 4. HP: 34/40 MP: 3/3
  1511 | D:2      | Reached skill level 1 in Dodging
  1758 | D:3      | Reached skill level 1 in Staves
  1950 | D:3      | Found a glowing drain.
  1954 | Sewer    | Entered a sewer
  1966 | Sewer    | Noticed Pargi
  1972 | Sewer    | Killed Pargi
  1973 | Sewer    | Reached skill level 4 in Maces & Flails
  1973 | Sewer    | Reached XP level 5. HP: 44/46 MP: 4/4
  1998 | Sewer    | Reached XP level 6. HP: 50/53 MP: 5/5
  2045 | Sewer    | Reached skill level 5 in Armour
  2350 | D:3      | Found a runed translucent door.
  2382 | D:3      | Noticed riffraff's ghost (amateur GnSh)
  2436 | D:3      | Reached skill level 5 in Maces & Flails
  2442 | D:3      | Found a broken altar of Ashenzari.
  2696 | D:3      | Reached XP level 7. HP: 60/60 MP: 6/6
  2709 | D:3      | Killed riffraff's ghost
  3005 | D:4      | Reached skill level 5 in Fighting
  3005 | D:4      | Reached skill level 6 in Maces & Flails
  3507 | D:5      | Entered Level 5 of the Dungeon
  3524 | D:5      | Reached skill level 7 in Maces & Flails
  3524 | D:5      | Reached XP level 8. HP: 52/68 MP: 7/7
  3635 | D:5      | Reached skill level 5 in Shields
  3751 | D:5      | Reached skill level 8 in Maces & Flails
  3909 | D:5      | Found an opulent altar of Gozag.
  4092 | D:5      | Found a staircase to the Ecumenical Temple.
  4099 | Temple   | Entered the Ecumenical Temple
  4116 | Temple   | Became a worshipper of the Shining One
  4413 | D:6      | Found an ornate altar of the Wu Jian Council.
  4532 | D:6      | Reached skill level 9 in Maces & Flails
  4886 | D:6      | Found the amulet of Elemental Vulnerability {rPois rF--
                  | rC-- AC+8}
  4912 | D:6      | Reached XP level 9. HP: 75/75 MP: 8/8
  5010 | D:7      | Reached skill level 5 in Dodging
  5056 | D:7      | Reached * piety under the Shining One
  5145 | D:7      | Reached skill level 10 in Maces & Flails
  5379 | D:7      | Found a hazy altar of Hepliaklqana.
  5547 | D:8      | Noticed a cyclops
  5575 | D:8      | Killed a cyclops
  5576 | D:8      | Reached skill level 11 in Maces & Flails
  5763 | D:8      | Reached ** piety under the Shining One
  5764 | D:8      | Reached XP level 10. HP: 75/86 MP: 9/9
  5990 | D:8      | Found an iron altar of Okawaru.
  6164 | D:8      | Found a white marble altar of Elyvilon.
  6225 | D:8      | Found a glowing silver altar of Zin.
  6269 | D:9      | Reached skill level 12 in Maces & Flails
  6466 | D:9      | Noticed a two-headed ogre
  6475 | D:9      | Killed a two-headed ogre
  6655 | D:9      | Reached skill level 13 in Maces & Flails
  6727 | D:9      | Found a staircase to the Lair.
  7211 | D:9      | Noticed a two-headed ogre
  7224 | D:9      | Killed a two-headed ogre
  7390 | Lair:1   | Entered Level 1 of the Lair of Beasts
  7390 | Lair:1   | Noticed a black mamba
  7393 | Lair:1   | Noticed a cane toad
  7413 | Lair:1   | Killed a cane toad
  7414 | Lair:1   | Reached XP level 11. HP: 59/95 MP: 10/10
  7831 | Lair:1   | Reached skill level 1 in Evocations
  7835 | Lair:1   | Reached skill level 14 in Maces & Flails
  8153 | Lair:1   | Reached *** piety under the Shining One
  8879 | Lair:2   | Reached skill level 10 in Fighting
  8882 | Lair:2   | Noticed Maggie
  8890 | Lair:2   | The Shining One protects you from harm!
  8891 | Lair:2   | Slain by a komodo dragon

Illustrated notes

Levels and vault maps discovered:
D:1:      dpeg_arrival_castle, layout_basic,
          shapermc_ecumenical_altar_mp_highgroup
D:2:      layout_basic
D:3:      layout_rooms, overflow_temple_1_default, gup_sewer_entry_spiral,
          ebering_ghost_sewer_d
D:4:      layout_basic, kennysheep_generic_room_3
D:5:      layout_basic, nicolae_gozag_seed_capital,
          minmay_temple_entry_enclosed_plants
D:6:      layout_loops_cross, overflow_temple_1_default, serial_bayou_pond_e
D:7:      minmay_recursive_quarters, layout_rooms, kennysheep_little_box
D:8:      layout_basic, overflow_temple_1_default, mainiacjoe_overflow_alcove_2,
          mainiacjoe_overflow_alcove_4, dreamdust_wishing_well
D:9:      nicolae_moon_pools, layout_long_grid
Temple:   eino_temple_lava
Lair:1:   layout_cave_shapes, grunt_forest_small_clearing_treed,
          grunt_megastairs_3, infiniplex_staircase_pool_2
Lair:2:   layout_hall_layers, uniq_gastronok, uniq_maggie

Skill      XL: |  1  2  3  4  5  6  7  8  9 10 11 |
---------------+----------------------------------+-----
Armour         | 4 5 6 7 8 9 |  9.4
Fighting       | 4 5 6 7 8 10 | 10.1
Shields        | 4 5 6 7 9 |  9.0
Maces & Flails | 3 4 5 7 9 11 13 14 | 14.6
Dodging        | 1 2 3 4 5 7 8 |  8.0
Staves         | 1 2 3 |  3.0
Evocations     | 1 |  1.2
Throwing       | |  0.2

Action                     |  1- 3 |  4- 6 |  7- 9 | 10-12 || total
---------------------------+-------+-------+-------+-------++-------
  Melee: Flail             |    57 |    32 |       |       ||    89
         Headbutt          |     6 |    15 |    59 |   107 ||   187
         Mace              |       |    83 |   286 |   308 ||   677
  Throw: Stone             |    12 |     5 |       |       ||    17
  Evoke: Wand              |       |       |     1 |     9 ||    10
    Use: Potion            |       |       |     3 |     2 ||     5
 Armour: Scale mail        |    26 |    10 |       |       ||    36
         Gold dragon scale |       |    83 |   230 |   255 ||   568
  Dodge: Dodged            |    28 |    17 |    59 |    78 ||   182
  Block: Buckler           |    10 |    14 |    59 |       ||    83
         Kite shield       |       |       |     8 |   185 ||   193
